 Dungeon Crawl Stone Soup version 0.30.1 (webtiles) character file.

Game seed: 3714350008956210298

20 porpoise the Shooter (level 3, 0/22 HPs)
             Began as a Kobold Hunter on July 11, 2023.
             Succumbed to a kobold's poison
             ... on level 2 of the Dungeon.
             The game lasted 00:01:59 (1226 turns).

porpoise the Shooter (Kobold Hunter)                Turns: 1226, Time: 00:01:59

Health: 0/22       AC:  3    Str: 14    XL:     3   Next: 0%
Magic:  3/3        EV: 15    Int: 10    God:
Gold:   59         SH:  0    Dex: 20    Spells: 2/2 levels left

rFire   . . .        b - +0 dagger (venom)
rCold   . . .        (no shield)
rNeg    . . .        c - +0 leather armour
rPois   .            (no helmet)
rElec   .            (no cloak)
rCorr   .            (no gloves)
SInv    +            (no boots)
Will    .....        (no amulet)
Stlth   +++          f - ring of see invisible
HPRegen 0.23/turn    g - +6 ring of strength
MPRegen 0.08/turn

%: no passive effects
@: lethally poisoned (0 -> -2)
A: small, no large weapons, nightstalker 3
a: no special abilities


You were on level 2 of the Dungeon.
You visited 1 branch of the dungeon, and saw 2 of its levels.

You collected 59 gold pieces.

Inventory:

Hand Weapons
 a - a +0 shortbow
 b - a +0 dagger of venom (weapon)
Armour
 c - a +0 leather armour (worn)
Jewellery
 f - a ring of see invisible (left hand)
 g - a +6 ring of strength (right hand)
Scrolls
 d - a scroll of fear {unknown}
 e - a scroll of vulnerability {unknown}
 h - a scroll of torment {unknown}
 i - a scroll of immolation
 j - 2 scrolls of magic mapping {unknown}
 k - a scroll of identify {unknown}


   Skills:
 + Level 2.6 Fighting
 * Level 6.0 Ranged Weapons
 - Level 2.4 Dodging
 - Level 1.3 Stealth


You had 2 spell levels left.
You didn't know any spells.
Your spell library was empty.

Dungeon Overview and Level Annotations

Branches:
Dungeon (2/15)

Altars:


Innate Abilities, Weirdness & Mutations

You are small and have problems with some larger weapons.
You are completely attuned to the shadows.


Message History

The kobold hits you with a +1 short sword of venom.
You shoot an arrow. The arrow closely misses the kobold.
The kobold hits you with a +1 short sword of venom.
You are poisoned.
You shoot an arrow. The arrow closely misses the kobold.
You feel sick. The kobold closely misses you.
You shoot an arrow. The arrow hits the kobold.
The kobold is heavily wounded.
You feel sick.
The kobold hits you with a +1 short sword of venom.
You are lethally poisoned!
Your +0 dagger of venom begins to drip with poison!
b - a +0 dagger of venom (weapon)
You feel sick. The kobold barely misses you.
You hit the kobold.
You kill the kobold!
* * * LOW HITPOINT WARNING * * *
You feel sick.
You have reached level 3!
Your experience leads to an increase in your attributes!
Your base attributes are Str 8, Int 10, Dex 18.
Increase (S)trength, (I)ntelligence, or (D)exterity?
You feel agile. x2
* * * LOW HITPOINT WARNING * * *
You feel sick.
You aren't carrying any potions.
* * * LOW HITPOINT WARNING * * *
You feel sick.
* * * LOW HITPOINT WARNING * * *
You feel sick.
* * * LOW HITPOINT WARNING * * *
You feel sick.
Things that are here:
a +1 short sword of venom; a kobold corpse
Okay, then.
You aren't carrying any potions.
Unknown command.
* * * LOW HITPOINT WARNING * * *
You feel sick.
You die...

##.#
#......#
.###
######.####
.#
#.......#
##
#.##.##.#
.# # #.##.#
..# .....#
....
##.#..#
#._. #.#..#
.. ....@#
#.#:## #.#.
.. .##


There were no monsters in sight!

Vanquished Creatures
  3 ball pythons
  A bat (D:1)
  2 endoplasms (D:1)
  2 giant cockroaches
  3 kobolds
  2 quokkas (D:1)
  A frilled lizard (D:2)
  2 rats (D:1)
16 creatures vanquished.

Notes
Turn   | Place    | Note
-------+----------+-------------------------------------------
     0 | D:1      | porpoise the Kobold Hunter began the quest for the Orb.
     0 | D:1      | Reached XP level 1. HP: 12/12 MP: 1/1
   134 | D:1      | Reached XP level 2. HP: 18/18 MP: 2/2
  1162 | D:2      | Reached skill level 6 in Ranged Weapons
  1165 | D:2      | Found a faded altar of an unknown god.
  1221 | D:2      | Reached XP level 3. HP: 6/22 MP: 3/3
  1225 | D:2      | HP: 1/22 [poisoned by a kobold]
  1226 | D:2      | Succumbed to a kobold's poison

Illustrated notes

Levels and vault maps discovered:
D:1:      matt_arrival_los_fun, layout_basic, serial_bayou_pond_b
D:2:      layout_loops_ring, nicolae_ecumenical_snake_handling, serial_shops,
          shop

Skill      XL: |  1  2 |
---------------+-------+-----
Ranged Weapons | 6 |  6.0
Fighting       | |  2.6
Dodging        | |  2.4
Stealth        | |  1.3

Action                     || total
---------------------------++-------
  Melee: Dagger            ||     1
   Fire: Shortbow          ||    40
 Armour: Leather armour    ||     3
  Dodge: Dodged            ||    14
